 Dungeon Crawl Stone Soup version 0.28.0 (webtiles) character file.

Game seed: 13167241630419130164

219 DasRunzen the Magician (level 6, -7/42 HPs)
             Began as a Djinni Hedge Wizard on Feb 16, 2022.
             Killed from afar by a white imp (12 damage)
             ... with a puff of frost
             ... on level 4 of the Dungeon.
             The game lasted 00:07:58 (4236 turns).

DasRunzen the Magician (Djinni Hedge Wizard)        Turns: 4236, Time: 00:07:59

Health: -7/42      AC:  2    Str:  9    XL:     6   Next: 18%
Gold:   96         EV: 13    Int: 18    God:
                   SH:  0    Dex: 12

rFire   + + .      SeeInvis .   d - +3 falchion
rCold   x . .      Faith    .   (no shield)
rNeg    . . .      Spirit   .   b - +0 robe
rPois   ∞          Reflect  .   c - +0 hat
rElec   .          Harm     .   (no cloak)
rCorr   .          Rampage  .   (no gloves)
Will    .....                   (boots unavailable)
Stlth   ++........              (no amulet)
HPRegen 0.14/turn               (no ring)
MPRegen 0.00/turn               (no ring)

@: flying
A: sickness immunity, fire resistance 2, cold vulnerability 1, float, innate
caster, HP casting, extra vitality 1
a: no special abilities


You were on level 4 of the Dungeon.
You visited 1 branch of the dungeon, and saw 4 of its levels.

You collected 96 gold pieces.

Inventory:

Hand Weapons
 d - a +3 falchion (weapon)
Armour
 b - a +0 robe (worn)
 c - a +0 hat (worn)
Magical Staves
 e - a staff of conjuration
 g - a staff of poison
 k - a staff of death
Wands
 m - a wand of acid (10)
Potions
 a - 2 potions of might {unknown}
 f - a potion of curing
 h - a potion of mutation {unknown}
 i - 2 potions of attraction {unknown}
 j - a potion of haste {unknown}
 l - a potion of resistance {unknown}


   Skills:
 * Level 1.0 Fighting
 * Level 1.2 Armour
 + Level 3.4 Dodging
 - Level 1.5 Stealth
 * Level 4.2 Spellcasting


You couldn't memorise any spells.
You knew the following spells:

 Your Spells              Type           Power      Damage    Failure   Level
a - Magic Dart            Conj           76%        1d6       2%          1
b - Blink                 Tloc           38%        N/A       3%          2
c - Call Imp              Summ           19%        N/A       3%          2
d - Slow                  Hex            76%        N/A       2%          1
e - Conjure Flame         Conj/Fire      19%        6-21      8%          3
f - Mephitic Cloud        Conj/Pois/Air  19%        N/A       8%          3
g - Animate Skeleton      Necr           38%        N/A       2%          1
h - Ensorcelled Hibernat  Hex/Ice        38%        N/A       3%          2
Your spell library was empty.

Dungeon Overview and Level Annotations

Branches:
Dungeon (4/15)             Temple (0/1) D:4

Altars:
Zin


Innate Abilities, Weirdness & Mutations

You are immune to sickness and miasma.
You are immune to poison.
Your flesh is very heat resistant. (rF++)
You are vulnerable to cold. (rC-)
You float through the air rather than walking.
You learn spells naturally, not from books.
Your magical power is your life essence.
You have superior vitality. (+4 MHP)


Message History

Aiming: Magic Dart (safe; 2% risk of failure)
Press: ? - help, Shift-Dir - straight line, f/p - water moccasin simulacrum
Aim: a water moccasin simulacrum (lightly damaged, ally target, 100% to hit)
The magic dart hits the water moccasin simulacrum.
The water moccasin simulacrum is moderately damaged.
* * * LOW HITPOINT WARNING * * *
Unknown command.
The water moccasin simulacrum bites your crimson imp.
The water moccasin simulacrum freezes your crimson imp!
Your crimson imp is frozen!
Your crimson imp blinks!
Casting: Magic Dart (safe; 2% risk of failure)
Confirm with . or Enter, or press ? or * to list all spells.
Aiming: Magic Dart (safe; 2% risk of failure)
Press: ? - help, Shift-Dir - straight line, f/p - water moccasin simulacrum
Aim: a water moccasin simulacrum (moderately damaged, ally target, 100% to hit)
The magic dart hits the water moccasin simulacrum.
The water moccasin simulacrum is heavily damaged.
* * * LOW HITPOINT WARNING * * *
You barely miss the water moccasin simulacrum.
The water moccasin simulacrum is heavily damaged.
The water moccasin simulacrum misses you.
The water moccasin simulacrum completely misses you.
You hit the water moccasin simulacrum.
The water moccasin simulacrum is almost destroyed.
The water moccasin simulacrum barely misses you.
Your crimson imp hits the water moccasin simulacrum.
The water moccasin simulacrum vaporises!
A scorpion simulacrum comes into view.
The scorpion simulacrum moves out of view.
A white imp comes into view.
The white imp gestures at you. The puff of frost hits you!
You feel a terrible chill!
* * * LOW HITPOINT WARNING * * *
The white imp disappears for a moment.
Your crimson imp blinks!
Your crimson imp disappears in a puff of smoke!
The white imp gestures at you. The puff of frost hits you!
You feel a terrible chill!
You die...

###...#..# ...## .## ...
##..#.##........##..#
...
#....#§..###....##.##...
#....#.....##....#.#....
#....##.... #....#......
##.##..#... #...'....#
#..##..#5.. #...'...#
##.....##.# #...'..##
#......#.@# ##...#...###
#....###..#..##
##....#...... ....#
##.#...###....##.##...
..... #.##.......###..#
### ....#
#..###...###...## ....
##...#####.....#
#.........##..#
##.....#####..# #..#####
#.##


You could see a white imp.

Vanquished Creatures
  A centaur skeleton (D:4)
  Natasha (D:3)
  2 adders
  A hound simulacrum (D:4)
  2 orcs (D:3)
  5 ball pythons (D:1)
  3 endoplasms
  3 goblins
  4 hobgoblins
  2 quokkas
  3 bats
  3 kobolds
  3 rats
33 creatures vanquished.

Vanquished Creatures (collateral kills)
  A water moccasin simulacrum (D:4)
  Natasha (twice) (D:2)
  Ijyb (D:3)
  An orc (D:2)
5 creatures vanquished.

Grand Total: 38 creatures vanquished

Notes
Turn   | Place    | Note
-------+----------+-------------------------------------------
     0 | D:1      | DasRunzen the Djinni Hedge Wizard began the quest for the
                  | Orb.
     0 | D:1      | Reached XP level 1. HP: 15/15 MP: 0/0
   564 | D:1      | Reached XP level 2. HP: 19/21 MP: 0/0
   581 | D:1      | Found a faded altar of an unknown god.
  1146 | D:2      | Found a glowing silver altar of Zin.
  1722 | D:2      | Reached skill level 3 in Spellcasting
  1722 | D:2      | Reached XP level 3. HP: 13/26 MP: 0/0
  1722 | D:2      | Learned a level 1 spell: Animate Skeleton
  2869 | D:2      | Reached XP level 4. HP: 10/31 MP: 0/0
  3123 | D:3      | Noticed Natasha
  3132 | D:3      | Killed Natasha
  3175 | D:3      | Noticed Natasha
  3220 | D:2      | Killed Natasha
  3221 | D:2      | Reached skill level 1 in Fighting
  3221 | D:2      | Reached skill level 1 in Armour
  3221 | D:2      | Reached XP level 5. HP: 9/37 MP: 0/0
  3221 | D:2      | Learned a level 2 spell: Ensorcelled Hibernation
  3427 | D:2      | Noticed Natasha
  3435 | D:2      | Killed Natasha
  3735 | D:3      | Reached skill level 4 in Spellcasting
  3898 | D:3      | Noticed Ijyb
  3904 | D:3      | Killed Ijyb
  4184 | D:4      | Found a staircase to the Ecumenical Temple.
  4195 | D:4      | Found a runed translucent gate.
  4195 | D:4      | Found a runed translucent gate.
  4195 | D:4      | Found a runed translucent gate.
  4213 | D:4      | Reached XP level 6. HP: 13/42 MP: 0/0
  4236 | D:4      | Killed from afar by a white imp

Illustrated notes

Levels and vault maps discovered:
D:1:      dpeg_arrival_tiny_f, layout_basic, nicolae_ecumenical_snake_handling
D:2:      layout_basic, basic_altar
D:3:      layout_basic, kennysheep_boxes, uniq_natasha, uniq_ijyb
D:4:      layout_layer_cave, minmay_temple_entry_overgrown,
          gup_sewer_entry_spiral, gammafunk_ghost_icy, kennysheep_generic_room_2

Skill      XL: |  1  2  3  4  5 |
---------------+----------------+-----
Spellcasting   | 3 4 |  4.2
Fighting       | 1 |  1.0
Armour         | 1 |  1.2
Dodging        | 3 |  3.4
Stealth        | |  1.5

Action                   |  1- 3 |  4- 6 || total
-------------------------+-------+-------++-------
Melee: Falchion          |       |    24 ||    24
       Punch             |       |     1 ||     1
 Cast: Magic Dart        |    71 |    17 ||    88
       Call Imp          |     2 |     5 ||     7
       Blink             |     2 |       ||     2
       Mephitic Cloud    |       |     1 ||     1
       Animate Skeleton  |       |     2 ||     2
  Use: Scroll            |     3 |     1 ||     4
Armor: Robe              |     3 |     7 ||    10
Dodge: Dodged            |     9 |    22 ||    31
